Jets vs Canadiens
Created - 8 novembre 2014 at 19:09
Goals
|
| Jets |
1 |
3 |
1 |
5 |
| Canadiens |
2 |
1 |
0 |
3 |
|
Shots
|
| Jets |
15 |
16 |
5 |
36 |
| Canadiens |
18 |
4 |
9 |
31 |
|
1st period
1. Canadiens , Mike Ribeiro 6 (Patrick Marleau) at 5:11
2. Jets , Marek Zidlicky 2 (Benoit Pouliot, Derek Roy) at 7:37 (PP)
3. Canadiens , Radim Vrbata 12 (Patrick Marleau, Nicklas Lidstrom) at 12:39
Penalties :
Josh Gorges (Mon) for Cross-checking (Minor) at 6:02, Mark Streit (Win) for High sticking (Minor) at 16:20
2nd period
4. Jets , Michal Rozsival 3 (Benoit Pouliot, Derek Roy) at 2:33 (PP)
5. Canadiens , Saku Koivu 5 (Pierre-Luc Létourneau, Cody Franson) at 8:42
6. Jets , Greg Campbell 4 (Ales Kotalik, Tuomo Ruutu) at 9:36
7. Jets , Derek Roy 11 (Dmitri Kalinin) at 10:04
Penalties :
Adam Burish (Win) for Hooking (Minor) at 0:08, Cody Franson (Mon) for Holding (Minor) at 2:25, Kristian Huselius (Win) for Interference (Minor) at 3:57, Mikko Koivu (Win) for Hooking (Minor) at 14:04
3rd period
8. Jets , Michal Rozsival 4 (Mark Streit, Maxime Daigneault) at 12:17 (PP)
Penalties :
Dmitri Kalinin (Win) for Boarding (Minor) at 0:24, Mike York (Mon) for Holding (Minor) at 6:08, Mike York (Mon) for Holding (Minor) at 11:05, Darroll Powe (Win) for Elbowing (Minor) at 13:03
Goalie Stats
Maxime Daigneault (Win), 28 saves from 31 shots - (0,903), W, 5-8-1, 60:00 minutes
Miika Kiprusoff (Mon), 31 saves from 36 shots - (0,861), L, 5-5-2, 60:00 minutes
Players Stats for Jets
Player Name G A P +/- PIM S H SB GA TA FO MP PP MP PK MP
------------------------------------------------------------------------------------
Adam Burish 0 0 0 -1 2 1 2 0 0 0 1/1 20:22 1:26 5:32
Ales Kotalik 0 1 1 0 0 1 1 0 1 1 0/0 15:27 3:28 3:20
Benoit Pouliot 0 2 2 -1 0 4 0 0 2 0 0/0 18:49 3:28 2:09
Darroll Powe 0 0 0 0 2 1 0 0 0 0 2/6 7:45 0:00 0:25
Derek Roy 1 2 3 -1 0 5 2 0 1 0 25/43 23:08 3:28 6:40
Dmitri Kalinin 0 1 1 -1 2 0 1 0 0 2 0/0 25:30 1:09 6:26
Eric Fehr 0 0 0 0 0 0 0 0 0 0 0/0 6:39 0:00 0:00
Fredrik Sjostrom 0 0 0 0 0 0 2 0 1 0 0/0 10:40 0:00 2:19
Greg Campbell 1 0 1 0 0 2 2 0 1 0 3/4 11:55 0:00 3:20
Jussi Jokinen 0 0 0 0 0 2 1 0 2 0 2/2 15:29 1:26 0:03
Kristian Huselius 0 0 0 0 2 2 1 0 0 0 0/0 7:30 0:00 0:00
Marek Zidlicky 1 0 1 -1 0 4 2 0 0 2 0/0 20:59 1:09 6:36
Mark Streit 0 1 1 1 2 1 1 3 0 0 0/0 21:47 3:45 5:53
Michal Rozsival 2 0 2 -1 0 6 0 1 1 0 0/0 22:24 3:45 0:45
Mikko Koivu 0 0 0 0 2 4 2 0 0 0 4/8 16:02 1:26 0:00
Niklas Hjalmarsson 0 0 0 -1 0 0 1 2 0 1 0/0 13:14 0:00 0:45
Tom Preissing 0 0 0 1 0 3 0 1 0 2 0/0 16:20 0:00 3:23
Tuomo Ruutu 0 1 1 0 0 0 0 0 0 0 1/1 14:00 0:00 0:00
Players Stats for Canadiens
Player Name G A P +/- PIM S H SB GA TA FO MP PP MP PK MP
------------------------------------------------------------------------------------
Brett Clark 0 0 0 1 0 1 1 1 0 0 0/0 20:00 5:53 2:20
Cody Franson 0 1 1 1 2 0 1 0 0 0 0/0 12:11 0:00 0:28
Dennis Wideman 0 0 0 -1 0 4 5 2 0 0 0/0 28:16 6:01 2:34
Jamie Lundmark 0 0 0 0 0 0 0 0 0 1 2/6 9:22 0:00 1:31
Josh Gorges 0 0 0 1 2 3 1 0 0 1 0/0 19:31 5:53 1:52
Marek Svatos 0 0 0 0 0 3 1 0 0 1 1/1 17:09 5:05 0:00
Matt Carle 0 0 0 1 0 0 0 0 0 1 0/0 11:44 0:00 0:00
Michel Ouellet 0 0 0 0 0 2 0 0 1 0 0/0 8:50 0:00 0:00
Mike Ribeiro 1 0 1 1 0 5 1 0 0 0 16/33 22:02 6:49 0:00
Mike York 0 0 0 0 4 2 2 0 2 0 0/0 17:18 5:05 0:00
Nicklas Lidstrom 0 1 1 -1 0 1 0 1 3 0 0/0 28:16 6:01 2:34
Patrick Marleau 0 2 2 1 0 1 2 0 0 0 0/1 22:40 6:49 0:25
Pierre-Luc Létourneau 0 1 1 0 0 1 0 0 0 0 0/0 7:48 0:00 0:00
Pierre-Marc Bouchard 0 0 0 0 0 2 0 0 0 0 4/12 12:09 0:00 0:00
Radim Vrbata 1 0 1 1 0 5 1 1 1 3 0/1 25:02 6:49 2:35
Riley Cote 0 0 0 0 0 0 0 0 0 1 0/0 8:44 0:00 1:30
Ryan Callahan 0 0 0 0 0 0 1 0 0 0 0/0 8:35 0:00 0:46
Saku Koivu 1 0 1 0 0 1 1 0 1 1 4/11 15:25 5:05 3:01
3 Stars
1 - Derek Roy (Win)
2 - Michal Rozsival (Win)
3 - Patrick Marleau (Mon)
Power Play
Jets - 3 on 4 Attempt(s) - 75,00%
Canadiens - 0 on 6 Attempt(s) - 0,00%
Penalty Kill
Jets - 6 on 6 Attempt(s) - 100,00%
- Score 0 goal in Penalty Kill
Canadiens - 1 on 4 Attempt(s) - 25,00%
- Score 0 goal in Penalty Kill
Official
Referees : Marouelli Dan and O'Halloran Dan
Linesman : Vaughan Rody and Darren Gibbs
Game Notes
No Game Note
Finance
Level 1 -- Attendance: 4130 (68,83%) -- Ticket Income 367 570 $
Level 2 -- Attendance: 4378 (87,56%) -- Ticket Income 218 900 $
Level 3 -- Attendance: 2000 (100,00%) -- Ticket Income 62 000 $
Level 4 -- Attendance: 3093 (77,33%) -- Ticket Income 68 046 $
Luxury Box -- Attendance: 732 (73,20%) -- Ticket Income 126 636 $
Game was played at the Centre Bell
Total Attendance: 14333 (79,63%)
Total Ticket Income: 843 152 $
Other Income: 126 473 $
Total Income: 969 625 $
Jets
5 vs 5 Forward
Center Left Wing Right Wing Time % Phy DF OF
1 Derek Roy Benoit Pouliot Adam Burish 40 1 1 3
2 Mikko Koivu Jussi Jokinen Tuomo Ruutu 30 1 1 3
3 Greg Campbell Fredrik Sjostrom Ales Kotalik 20 1 2 2
4 Darroll Powe Kristian Huselius Eric Fehr 10 1 2 2
5 vs 5 Defense
Defense Defense Time % Phy DF OF
1 Michal Rozsival Dmitri Kalinin 40 1 2 2
2 Tom Preissing Mark Streit 30 1 2 2
3 Marek Zidlicky Niklas Hjalmarsson 20 1 2 2
4 Michal Rozsival Dmitri Kalinin 10 1 2 2
PowerPlay Forward
Center Left Wing Right Wing Time % Phy DF OF
1 Derek Roy Benoit Pouliot Ales Kotalik 60 1 1 3
2 Mikko Koivu Jussi Jokinen Adam Burish 40 1 1 3
PowerPlay Defense
Defense Defense Time % Phy DF OF
1 Michal Rozsival Mark Streit 60 1 1 3
2 Dmitri Kalinin Marek Zidlicky 40 1 1 3
Penalty Kill 4 Players Forward
Center Wing Time % Phy DF OF
1 Derek Roy Adam Burish 60 1 3 1
2 Greg Campbell Ales Kotalik 40 1 3 1
Penalty Kill 4 Players Defense
Defense Defense Time % Phy DF OF
1 Mark Streit Dmitri Kalinin 60 1 4 0
2 Marek Zidlicky Tom Preissing 40 1 4 0
Penalty Kill - 3 Players Forward
Forward Time % Phy DF OF
1 Derek Roy 60 0 4 1
2 Greg Campbell 40 0 4 1
Penalty Kill - 3 Players Defense
Defense Defense Time % Phy DF OF
1 Mark Streit Dmitri Kalinin 60 1 4 0
2 Tom Preissing Marek Zidlicky 40 1 4 0
4 vs 4 Forward
Center Wing Time % Phy DF OF
1 Derek Roy Benoit Pouliot 60 1 2 2
2 Mikko Koivu Jussi Jokinen 40 1 2 2
4 vs 4 Defense
Defense Defense Time % Phy DF OF
1 Tom Preissing Dmitri Kalinin 60 1 2 2
2 Mark Streit Marek Zidlicky 40 1 2 2
Last Minutes Offensive
Center Left Wing Right Wing Defense Defense
Derek Roy Benoit Pouliot Ales Kotalik Mark Streit Dmitri Kalinin
Last Minutes Defensive
Center Left Wing Right Wing Defense Defense
Greg Campbell Jussi Jokinen Ales Kotalik Mark Streit Dmitri Kalinin
Goaltenders
Starting : Maxime Daigneault
Backup : Ilya Bryzgalov
Extra Forwards
Normal : Greg Campbell, Ales Kotalik, Fredrik Sjostrom - PP : Greg Campbell, Ales Kotalik - PK : Fredrik Sjostrom
Extra Defensemen
Normal : Dmitri Kalinin, Mark Streit, Marek Zidlicky - PP : Dmitri Kalinin - PK : Marek Zidlicky, Dmitri Kalinin
Penalty Shots
Benoit Pouliot, Derek Roy, Mikko Koivu, Ales Kotalik, Adam Burish
Canadiens
5 vs 5 Forward
Center Left Wing Right Wing Time % Phy DF OF
1 Mike Ribeiro Patrick Marleau Radim Vrbata 40 1 2 2
2 Pierre-Marc Bouchard Mike York Marek Svatos 30 1 2 2
3 Saku Koivu Riley Cote Michel Ouellet 20 1 2 2
4 Jamie Lundmark Pierre-Luc Létourneau Ryan Callahan 10 1 2 2
5 vs 5 Defense
Defense Defense Time % Phy DF OF
1 Dennis Wideman Nicklas Lidstrom 40 1 2 2
2 Brett Clark Josh Gorges 30 1 2 2
3 Matt Carle Cody Franson 20 1 2 2
4 Dennis Wideman Nicklas Lidstrom 10 1 2 2
PowerPlay Forward
Center Left Wing Right Wing Time % Phy DF OF
1 Mike Ribeiro Patrick Marleau Radim Vrbata 60 1 2 2
2 Saku Koivu Mike York Marek Svatos 40 1 2 2
PowerPlay Defense
Defense Defense Time % Phy DF OF
1 Dennis Wideman Nicklas Lidstrom 60 1 2 2
2 Brett Clark Josh Gorges 40 1 2 2
Penalty Kill 4 Players Forward
Center Wing Time % Phy DF OF
1 Saku Koivu Radim Vrbata 60 1 2 2
2 Jamie Lundmark Riley Cote 40 1 2 2
Penalty Kill 4 Players Defense
Defense Defense Time % Phy DF OF
1 Dennis Wideman Nicklas Lidstrom 60 1 2 2
2 Brett Clark Josh Gorges 40 1 2 2
Penalty Kill - 3 Players Forward
Forward Time % Phy DF OF
1 Mike Ribeiro 60 1 2 2
2 Saku Koivu 40 1 2 2
Penalty Kill - 3 Players Defense
Defense Defense Time % Phy DF OF
1 Dennis Wideman Nicklas Lidstrom 60 1 2 2
2 Brett Clark Josh Gorges 40 1 2 2
4 vs 4 Forward
Center Wing Time % Phy DF OF
1 Mike Ribeiro Patrick Marleau 60 1 2 2
2 Saku Koivu Michel Ouellet 40 1 2 2
4 vs 4 Defense
Defense Defense Time % Phy DF OF
1 Dennis Wideman Nicklas Lidstrom 60 1 2 2
2 Brett Clark Josh Gorges 40 1 2 2
Last Minutes Offensive
Center Left Wing Right Wing Defense Defense
Mike Ribeiro Patrick Marleau Marek Svatos Dennis Wideman Nicklas Lidstrom
Last Minutes Defensive
Center Left Wing Right Wing Defense Defense
Mike Ribeiro Patrick Marleau Marek Svatos Dennis Wideman Nicklas Lidstrom
Goaltenders
Starting : Miika Kiprusoff
Backup : Jaroslav Halak
Extra Forwards
Normal : Pierre-Marc Bouchard, Michel Ouellet, Ryan Callahan - PP : Pierre-Marc Bouchard, Michel Ouellet - PK : Ryan Callahan
Extra Defensemen
Normal : Matt Carle, Cody Franson, Brett Clark - PP : Matt Carle - PK : Cody Franson, Brett Clark
Penalty Shots
Patrick Marleau, Mike Ribeiro, Saku Koivu, Mike York, Pierre-Marc Bouchard
% Time on Ice - Jets
Lines # - Real PCT - Wanted PCT - Time Play
Normal Forward
1 - 32% - 40% - 13:37
2 - 37% - 30% - 16:10
3 - 16% - 20% - 6:46
4 - 15% - 10% - 6:39
Normal Defense
1 - 39% - 40% - 16:58
2 - 30% - 30% - 12:57
3 - 27% - 20% - 11:29
4 - 4% - 10% - 1:48
PP Forward
1 - 71% - 60% - 3:28
2 - 29% - 40% - 1:26
PP Defense
1 - 77% - 60% - 3:45
2 - 23% - 40% - 1:09
PK Forward
1 - 72% - 60% - 8:34
2 - 28% - 40% - 3:20
PK Defense
1 - 72% - 60% - 8:31
2 - 28% - 40% - 3:23
PK3 Forward
1 - 0% - 60%
2 - 0% - 40%
PK3 Defense
1 - 0% - 60%
2 - 0% - 40%
44 Forward
1 - 0% - 60%
2 - 0% - 40%
44 Defense
1 - 0% - 60%
2 - 0% - 40%
Last Minute Offensive - 0:00
Last Minute Defensive - 0:00
Total
Forward - 60:00
Defense - 60:00
|
% Time on Ice - Canadiens
Lines # - Real PCT - Wanted PCT - Time Play
Normal Forward
1 - 36% - 40% - 15:44
2 - 32% - 30% - 13:55
3 - 16% - 20% - 7:04
4 - 15% - 10% - 6:29
Normal Defense
1 - 42% - 40% - 18:13
2 - 27% - 30% - 11:47
3 - 27% - 20% - 11:44
4 - 3% - 10% - 1:28
PP Forward
1 - 57% - 60% - 6:49
2 - 43% - 40% - 5:05
PP Defense
1 - 51% - 60% - 6:01
2 - 49% - 40% - 5:53
PK Forward
1 - 69% - 60% - 3:24
2 - 31% - 40% - 1:30
PK Defense
1 - 52% - 60% - 2:34
2 - 48% - 40% - 2:20
PK3 Forward
1 - 0% - 60%
2 - 0% - 40%
PK3 Defense
1 - 0% - 60%
2 - 0% - 40%
44 Forward
1 - 0% - 60%
2 - 0% - 40%
44 Defense
1 - 0% - 60%
2 - 0% - 40%
Last Minute Offensive - 0:00
Last Minute Defensive - 0:00
Total
Forward - 60:00
Defense - 60:00
|
Play by Play
1st period
0:01 of 1st period - Derek Roy wins face-off versus Mike Ribeiro in neutral zone.
0:28 of 1st period - Slapshot by Pierre-Marc Bouchard.
0:28 of 1st period - Stopped by Maxime Daigneault with a rebound.
1:40 of 1st period - Snap shot by Benoit Pouliot.
1:40 of 1st period - Stopped by Miika Kiprusoff without a rebound.
1:41 of 1st period - Derek Roy wins face-off versus Pierre-Marc Bouchard in Canadiens zone.
1:44 of 1st period - Snap shot by Derek Roy.
1:44 of 1st period - Stopped by Miika Kiprusoff without a rebound.
1:45 of 1st period - Pierre-Marc Bouchard wins face-off versus Derek Roy in Canadiens zone.
1:50 of 1st period - Snap shot by Pierre-Marc Bouchard.
1:50 of 1st period - Stopped by Maxime Daigneault with a rebound.
2:18 of 1st period - Wrist shot by Mike Ribeiro.
2:18 of 1st period - Shot Misses the Net.
2:20 of 1st period - Snap shot by Mike Ribeiro.
2:20 of 1st period - Shot Misses the Net.
2:22 of 1st period - Wrist shot by Radim Vrbata.
2:22 of 1st period - Shot Misses the Net.
3:39 of 1st period - Wrist shot by Patrick Marleau.
3:39 of 1st period - Shot Blocked by Mark Streit.
3:41 of 1st period - Slapshot by Josh Gorges.
3:41 of 1st period - Shot Misses the Net.
3:43 of 1st period - Backhand shot by Josh Gorges.
3:43 of 1st period - Stopped by Maxime Daigneault with a rebound.
3:45 of 1st period - Wrist shot by Mike Ribeiro.
3:45 of 1st period - Shot Misses the Net.
3:47 of 1st period - Wrist shot by Patrick Marleau.
3:47 of 1st period - Shot Misses the Net.
4:01 of 1st period - Wrist shot by Saku Koivu.
4:01 of 1st period - Shot Blocked by Mark Streit.
4:03 of 1st period - Wrist shot by Nicklas Lidstrom.
4:03 of 1st period - Shot Blocked by Mark Streit.
4:19 of 1st period - Tom Preissing is hit by Dennis Wideman and loses puck.
4:51 of 1st period - Cody Franson is hit by Adam Burish and loses puck.
5:11 of 1st period - Slapshot by Mike Ribeiro.
5:11 of 1st period - Goal by Mike Ribeiro - Jets : 0 - Canadiens : 1.
5:12 of 1st period - Pierre-Marc Bouchard wins face-off versus Mikko Koivu in neutral zone.
5:15 of 1st period - Wrist shot by Marek Svatos.
5:15 of 1st period - Stopped by Maxime Daigneault with a rebound.
5:23 of 1st period - Slapshot by Marek Svatos.
5:23 of 1st period - Shot Misses the Net.
5:44 of 1st period - Snap shot by Benoit Pouliot.
5:44 of 1st period - Stopped by Miika Kiprusoff without a rebound.
5:45 of 1st period - Derek Roy wins face-off versus Mike Ribeiro in Canadiens zone.
6:00 of 1st period - Snap shot by Derek Roy.
6:00 of 1st period - Stopped by Miika Kiprusoff with a rebound.
6:02 of 1st period - Minor Penalty to Josh Gorges for Cross-checking.
6:03 of 1st period - Derek Roy wins face-off versus Saku Koivu in Canadiens zone.
6:10 of 1st period - Snap shot by Benoit Pouliot.
6:10 of 1st period - Deflect By Derek Roy.
6:10 of 1st period - Shot Misses the Net.
6:10 of 1st period - Puck is out of play.
6:11 of 1st period - Derek Roy wins face-off versus Saku Koivu in Canadiens zone.
6:36 of 1st period - Slapshot by Benoit Pouliot.
6:36 of 1st period - Shot Blocked by Nicklas Lidstrom.
6:42 of 1st period - Wrist shot by Benoit Pouliot.
6:42 of 1st period - Stopped by Miika Kiprusoff without a rebound.
6:43 of 1st period - Mikko Koivu wins face-off versus Jamie Lundmark in Canadiens zone.
6:56 of 1st period - Wrist shot by Mikko Koivu.
6:56 of 1st period - Stopped by Miika Kiprusoff without a rebound.
6:57 of 1st period - Saku Koivu wins face-off versus Derek Roy in Canadiens zone.
7:22 of 1st period - Nicklas Lidstrom is hit by Mark Streit and loses puck.
7:33 of 1st period - Wrist shot by Mikko Koivu.
7:33 of 1st period - Stopped by Miika Kiprusoff without a rebound.
7:34 of 1st period - Derek Roy wins face-off versus Jamie Lundmark in Canadiens zone.
7:35 of 1st period - Snap shot by Benoit Pouliot.
7:35 of 1st period - Shot Misses the Net.
7:37 of 1st period - Snap shot by Marek Zidlicky.
7:37 of 1st period - Goal by Marek Zidlicky - Jets : 1 - Canadiens : 1.
7:38 of 1st period - Mike Ribeiro wins face-off versus Mikko Koivu in neutral zone.
7:43 of 1st period - Snap shot by Mike Ribeiro.
7:43 of 1st period - Stopped by Maxime Daigneault without a rebound.
7:44 of 1st period - Mike Ribeiro wins face-off versus Mikko Koivu in Jets zone.
7:53 of 1st period - Slapshot by Mike Ribeiro.
7:53 of 1st period - Shot Misses the Net.
7:55 of 1st period - Snap shot by Mike Ribeiro.
7:55 of 1st period - Stopped by Maxime Daigneault with a rebound.
7:57 of 1st period - Slapshot by Nicklas Lidstrom.
7:57 of 1st period - Deflect By Dmitri Kalinin.
7:57 of 1st period - Stopped by Maxime Daigneault without a rebound.
7:58 of 1st period - Derek Roy wins face-off versus Pierre-Marc Bouchard in Jets zone.
8:06 of 1st period - Wrist shot by Derek Roy.
8:06 of 1st period - Stopped by Miika Kiprusoff with a rebound.
8:08 of 1st period - Wrist shot by Michal Rozsival.
8:08 of 1st period - Stopped by Miika Kiprusoff without a rebound.
8:09 of 1st period - Mike Ribeiro wins face-off versus Derek Roy in Canadiens zone.
8:09 of 1st period - Mike Ribeiro is hit by Dmitri Kalinin.
9:05 of 1st period - Slapshot by Michel Ouellet.
9:05 of 1st period - Stopped by Maxime Daigneault without a rebound.
9:06 of 1st period - Mike Ribeiro wins face-off versus Derek Roy in Jets zone.
9:31 of 1st period - Benoit Pouliot is hit by Saku Koivu.
9:39 of 1st period - Snap shot by Derek Roy.
9:39 of 1st period - Shot Misses the Net.
9:41 of 1st period - Snap shot by Benoit Pouliot.
9:41 of 1st period - Stopped by Miika Kiprusoff without a rebound.
9:42 of 1st period - Mikko Koivu wins face-off versus Pierre-Marc Bouchard in Canadiens zone.
9:50 of 1st period - Tuomo Ruutu is hit by Marek Svatos and loses puck.
10:07 of 1st period - Greg Campbell is hit by Mike Ribeiro and loses puck.
10:32 of 1st period - Snap shot by Michel Ouellet.
10:32 of 1st period - Stopped by Maxime Daigneault without a rebound.
10:33 of 1st period - Derek Roy wins face-off versus Pierre-Marc Bouchard in Jets zone.
11:10 of 1st period - Slapshot by Michal Rozsival.
11:10 of 1st period - Stopped by Miika Kiprusoff with a rebound.
11:22 of 1st period - Snap shot by Darroll Powe.
11:22 of 1st period - Stopped by Miika Kiprusoff with a rebound.
11:24 of 1st period - Snap shot by Kristian Huselius.
11:24 of 1st period - Stopped by Miika Kiprusoff without a rebound.
11:25 of 1st period - Mike Ribeiro wins face-off versus Darroll Powe in Canadiens zone.
11:50 of 1st period - Riley Cote is hit by Derek Roy and loses puck.
12:39 of 1st period - Wrist shot by Radim Vrbata.
12:39 of 1st period - Goal by Radim Vrbata - Jets : 1 - Canadiens : 2.
12:40 of 1st period - Mike Ribeiro wins face-off versus Derek Roy in neutral zone.
13:29 of 1st period - Josh Gorges is hit by Fredrik Sjostrom.
13:49 of 1st period - Wrist shot by Michal Rozsival.
13:49 of 1st period - Stopped by Miika Kiprusoff with a rebound.
14:15 of 1st period - Slapshot by Patrick Marleau.
14:15 of 1st period - Stopped by Maxime Daigneault with a rebound.
15:34 of 1st period - Slapshot by Dennis Wideman.
15:34 of 1st period - Stopped by Maxime Daigneault with a rebound.
15:36 of 1st period - Slapshot by Pierre-Luc Létourneau.
15:36 of 1st period - Stopped by Maxime Daigneault with a rebound.
15:38 of 1st period - Slapshot by Dennis Wideman.
15:38 of 1st period - Stopped by Maxime Daigneault with a rebound.
15:48 of 1st period - Jamie Lundmark is hit by Derek Roy and loses puck.
16:20 of 1st period - Minor Penalty to Mark Streit for High sticking.
16:21 of 1st period - Derek Roy wins face-off versus Mike Ribeiro in Jets zone.
16:29 of 1st period - Off-side.
16:30 of 1st period - Adam Burish wins face-off versus Mike Ribeiro in neutral zone.
16:35 of 1st period - Icing by Mike Ribeiro.
16:36 of 1st period - Derek Roy wins face-off versus Mike Ribeiro in Canadiens zone.
16:49 of 1st period - Snap shot by Radim Vrbata.
16:49 of 1st period - Shot Misses the Net.
17:11 of 1st period - Snap shot by Radim Vrbata.
17:11 of 1st period - Stopped by Maxime Daigneault without a rebound.
17:12 of 1st period - Derek Roy wins face-off versus Saku Koivu in Jets zone.
17:25 of 1st period - Slapshot by Dennis Wideman.
17:25 of 1st period - Deflect By Dmitri Kalinin.
17:25 of 1st period - Stopped by Maxime Daigneault without a rebound.
17:26 of 1st period - Greg Campbell wins face-off versus Mike Ribeiro in Jets zone.
18:20 of 1st period - Penalty to Mark Streit is over, Mark Streit is back on ice.
18:33 of 1st period - Slapshot by Brett Clark.
18:33 of 1st period - Shot Misses the Net.
18:35 of 1st period - Slapshot by Josh Gorges.
18:35 of 1st period - Stopped by Maxime Daigneault without a rebound.
18:36 of 1st period - Jussi Jokinen wins face-off versus Mike Ribeiro in Jets zone.
18:36 of 1st period - Jussi Jokinen is hit by Patrick Marleau.
Goals for this period are 1 for Jets vs 2 for Canadiens.
Shots for this period are 15 for Jets vs 18 for Canadiens.
2nd period
0:01 of 2nd period - Derek Roy wins face-off versus Mike Ribeiro in neutral zone.
0:08 of 2nd period - Minor Penalty to Adam Burish for Hooking.
0:09 of 2nd period - Derek Roy wins face-off versus Mike Ribeiro in Jets zone.
0:42 of 2nd period - Dmitri Kalinin is hit by Josh Gorges and loses puck.
2:08 of 2nd period - Penalty to Adam Burish is over, Adam Burish is back on ice.
2:25 of 2nd period - Minor Penalty to Cody Franson for Holding.
2:26 of 2nd period - Derek Roy wins face-off versus Saku Koivu in Canadiens zone.
2:31 of 2nd period - Wrist shot by Benoit Pouliot.
2:31 of 2nd period - Shot Blocked by Radim Vrbata.
2:33 of 2nd period - Slapshot by Michal Rozsival.
2:33 of 2nd period - Goal by Michal Rozsival - Jets : 2 - Canadiens : 2.
2:34 of 2nd period - Derek Roy wins face-off versus Mike Ribeiro in neutral zone.
2:37 of 2nd period - Snap shot by Benoit Pouliot.
2:37 of 2nd period - Shot Blocked by Dennis Wideman.
3:22 of 2nd period - Greg Campbell is hit by Mike York and loses puck.
3:57 of 2nd period - Minor Penalty to Kristian Huselius for Interference.
3:58 of 2nd period - Mike Ribeiro wins face-off versus Derek Roy in Jets zone.
4:07 of 2nd period - Wrist shot by Patrick Marleau.
4:07 of 2nd period - Deflect By Adam Burish.
4:07 of 2nd period - Shot Misses the Net.
4:07 of 2nd period - Puck is out of play.
4:08 of 2nd period - Mike Ribeiro wins face-off versus Derek Roy in Jets zone.
4:09 of 2nd period - Slapshot by Patrick Marleau.
4:09 of 2nd period - Shot Hit the Post.
4:11 of 2nd period - Slapshot by Josh Gorges.
4:11 of 2nd period - Stopped by Maxime Daigneault with a rebound.
4:13 of 2nd period - Wrist shot by Mike Ribeiro.
4:13 of 2nd period - Deflect By Radim Vrbata.
4:13 of 2nd period - Shot Misses the Net.
4:13 of 2nd period - Puck is out of play.
4:14 of 2nd period - Derek Roy wins face-off versus Mike Ribeiro in Jets zone.
4:25 of 2nd period - Snap shot by Adam Burish.
4:25 of 2nd period - Stopped by Miika Kiprusoff with a rebound.
4:27 of 2nd period - Snap shot by Mark Streit.
4:27 of 2nd period - Shot Misses the Net.
5:57 of 2nd period - Penalty to Kristian Huselius is over, Kristian Huselius is back on ice.
6:04 of 2nd period - Wrist shot by Matt Carle.
6:04 of 2nd period - Shot Hit the Post.
6:34 of 2nd period - Wrist shot by Ales Kotalik.
6:34 of 2nd period - Stopped by Miika Kiprusoff with a rebound.
6:38 of 2nd period - Snap shot by Kristian Huselius.
6:38 of 2nd period - Shot Misses the Net.
6:40 of 2nd period - Wrist shot by Tom Preissing.
6:40 of 2nd period - Stopped by Miika Kiprusoff with a rebound.
6:42 of 2nd period - Wrist shot by Marek Zidlicky.
6:42 of 2nd period - Shot Misses the Net.
6:44 of 2nd period - Slapshot by Tom Preissing.
6:44 of 2nd period - Stopped by Miika Kiprusoff with a rebound.
6:46 of 2nd period - Slapshot by Tom Preissing.
6:46 of 2nd period - Stopped by Miika Kiprusoff with a rebound.
6:48 of 2nd period - Wrist shot by Kristian Huselius.
6:48 of 2nd period - Stopped by Miika Kiprusoff without a rebound.
6:49 of 2nd period - Mike Ribeiro wins face-off versus Derek Roy in Canadiens zone.
7:02 of 2nd period - Slapshot by Derek Roy.
7:02 of 2nd period - Shot Misses the Net.
7:04 of 2nd period - Slapshot by Michal Rozsival.
7:04 of 2nd period - Stopped by Miika Kiprusoff with a rebound.
8:06 of 2nd period - Adam Burish is hit by Dennis Wideman.
8:42 of 2nd period - Snap shot by Saku Koivu.
8:42 of 2nd period - Goal by Saku Koivu - Jets : 2 - Canadiens : 3.
8:43 of 2nd period - Mike Ribeiro wins face-off versus Derek Roy in neutral zone.
8:45 of 2nd period - Off-side.
8:46 of 2nd period - Derek Roy wins face-off versus Mike Ribeiro in neutral zone.
8:57 of 2nd period - Tom Preissing is hit by Patrick Marleau and loses puck.
9:36 of 2nd period - Wrist shot by Greg Campbell.
9:36 of 2nd period - Goal by Greg Campbell - Jets : 3 - Canadiens : 3.
9:37 of 2nd period - Mike Ribeiro wins face-off versus Derek Roy in neutral zone.
9:42 of 2nd period - Backhand shot by Radim Vrbata.
9:42 of 2nd period - Stopped by Maxime Daigneault with a rebound.
9:48 of 2nd period - Wrist shot by Radim Vrbata.
9:48 of 2nd period - Stopped by Maxime Daigneault without a rebound.
9:49 of 2nd period - Mike Ribeiro wins face-off versus Derek Roy in Jets zone.
10:00 of 2nd period - Wrist shot by Derek Roy.
10:00 of 2nd period - Deflect By Adam Burish.
10:00 of 2nd period - Shot Misses the Net.
10:00 of 2nd period - Puck is out of play.
10:01 of 2nd period - Mike Ribeiro wins face-off versus Derek Roy in Canadiens zone.
10:04 of 2nd period - Wrist shot by Derek Roy.
10:04 of 2nd period - Goal by Derek Roy - Jets : 4 - Canadiens : 3.
10:05 of 2nd period - Mike Ribeiro wins face-off versus Derek Roy in neutral zone.
10:20 of 2nd period - Benoit Pouliot is hit by Dennis Wideman and loses puck.
10:31 of 2nd period - Dennis Wideman is hit by Mikko Koivu and loses puck.
10:42 of 2nd period - Wrist shot by Jussi Jokinen.
10:42 of 2nd period - Shot Misses the Net.
10:55 of 2nd period - Off-side.
10:56 of 2nd period - Saku Koivu wins face-off versus Greg Campbell in neutral zone.
11:44 of 2nd period - Snap shot by Mikko Koivu.
11:44 of 2nd period - Stopped by Miika Kiprusoff with a rebound.
12:00 of 2nd period - Slapshot by Marek Zidlicky.
12:00 of 2nd period - Stopped by Miika Kiprusoff without a rebound.
12:01 of 2nd period - Darroll Powe wins face-off versus Jamie Lundmark in Canadiens zone.
12:08 of 2nd period - Michal Rozsival is hit by Cody Franson and loses puck.
13:04 of 2nd period - Snap shot by Jussi Jokinen.
13:04 of 2nd period - Stopped by Miika Kiprusoff without a rebound.
13:05 of 2nd period - Greg Campbell wins face-off versus Saku Koivu in Canadiens zone.
13:08 of 2nd period - Slapshot by Greg Campbell.
13:08 of 2nd period - Stopped by Miika Kiprusoff without a rebound.
13:09 of 2nd period - Greg Campbell wins face-off versus Saku Koivu in Canadiens zone.
13:16 of 2nd period - Michel Ouellet is hit by Ales Kotalik and loses puck.
14:04 of 2nd period - Minor Penalty to Mikko Koivu for Hooking.
14:05 of 2nd period - Derek Roy wins face-off versus Mike Ribeiro in Jets zone.
14:12 of 2nd period - Off-side.
14:13 of 2nd period - Derek Roy wins face-off versus Mike Ribeiro in neutral zone.
16:04 of 2nd period - Penalty to Mikko Koivu is over, Mikko Koivu is back on ice.
16:40 of 2nd period - Wrist shot by Mikko Koivu.
16:40 of 2nd period - Stopped by Miika Kiprusoff without a rebound.
16:41 of 2nd period - Saku Koivu wins face-off versus Darroll Powe in Canadiens zone.
16:46 of 2nd period - Slapshot by Dennis Wideman.
16:46 of 2nd period - Deflect By Riley Cote.
16:46 of 2nd period - Shot Misses the Net.
16:46 of 2nd period - Puck is out of play.
16:47 of 2nd period - Saku Koivu wins face-off versus Darroll Powe in Jets zone.
17:31 of 2nd period - Icing by Derek Roy.
17:32 of 2nd period - Derek Roy wins face-off versus Pierre-Marc Bouchard in Jets zone.
17:36 of 2nd period - Off-side.
17:37 of 2nd period - Derek Roy wins face-off versus Mike Ribeiro in neutral zone.
17:52 of 2nd period - Snap shot by Benoit Pouliot.
17:52 of 2nd period - Shot Misses the Net.
18:14 of 2nd period - Wrist shot by Mark Streit.
18:14 of 2nd period - Stopped by Miika Kiprusoff with a rebound.
18:32 of 2nd period - Dennis Wideman is hit by Greg Campbell and loses puck.
19:38 of 2nd period - Pierre-Marc Bouchard is hit by Fredrik Sjostrom and loses puck.
Goals for this period are 3 for Jets vs 1 for Canadiens.
Shots for this period are 16 for Jets vs 4 for Canadiens.
3rd period
0:01 of 3rd period - Mike Ribeiro wins face-off versus Derek Roy in neutral zone.
0:11 of 3rd period - Radim Vrbata is hit by Adam Burish and loses puck.
0:24 of 3rd period - Minor Penalty to Dmitri Kalinin for Boarding.
0:25 of 3rd period - Mike Ribeiro wins face-off versus Derek Roy in Jets zone.
0:54 of 3rd period - Adam Burish is hit by Mike York and loses puck.
2:24 of 3rd period - Penalty to Dmitri Kalinin is over, Dmitri Kalinin is back on ice.
2:42 of 3rd period - Wrist shot by Ryan Callahan.
2:42 of 3rd period - Shot Misses the Net.
2:44 of 3rd period - Wrist shot by Ryan Callahan.
2:44 of 3rd period - Shot Blocked by Michal Rozsival.
2:58 of 3rd period - Wrist shot by Jussi Jokinen.
2:58 of 3rd period - Stopped by Miika Kiprusoff with a rebound.
3:27 of 3rd period - Ales Kotalik is hit by Dennis Wideman.
3:45 of 3rd period - Brett Clark is hit by Marek Zidlicky and loses puck.
4:20 of 3rd period - Riley Cote is hit by Kristian Huselius and loses puck.
4:32 of 3rd period - Slapshot by Marek Zidlicky.
4:32 of 3rd period - Stopped by Miika Kiprusoff with a rebound.
4:50 of 3rd period - Wrist shot by Marek Svatos.
4:50 of 3rd period - Stopped by Maxime Daigneault without a rebound.
4:51 of 3rd period - Derek Roy wins face-off versus Mike Ribeiro in Jets zone.
5:21 of 3rd period - Snap shot by Marek Svatos.
5:21 of 3rd period - Stopped by Maxime Daigneault without a rebound.
5:22 of 3rd period - Pierre-Marc Bouchard wins face-off versus Mikko Koivu in Jets zone.
5:26 of 3rd period - Icing by Michal Rozsival.
5:27 of 3rd period - Jussi Jokinen wins face-off versus Patrick Marleau in Jets zone.
6:08 of 3rd period - Minor Penalty to Mike York for Holding.
6:09 of 3rd period - Derek Roy wins face-off versus Saku Koivu in Canadiens zone.
6:24 of 3rd period - Wrist shot by Derek Roy.
6:24 of 3rd period - Shot Misses the Net.
6:42 of 3rd period - Brett Clark is hit by Jussi Jokinen and loses puck.
6:52 of 3rd period - Off-side.
6:53 of 3rd period - Jamie Lundmark wins face-off versus Derek Roy in neutral zone.
7:33 of 3rd period - Radim Vrbata is hit by Marek Zidlicky and loses puck.
8:08 of 3rd period - Penalty to Mike York is over, Mike York is back on ice.
8:18 of 3rd period - Wrist shot by Radim Vrbata.
8:18 of 3rd period - Stopped by Maxime Daigneault without a rebound.
8:19 of 3rd period - Pierre-Marc Bouchard wins face-off versus Darroll Powe in Jets zone.
8:20 of 3rd period - Snap shot by Mike York.
8:20 of 3rd period - Stopped by Maxime Daigneault with a rebound.
8:22 of 3rd period - Wrist shot by Mike York.
8:22 of 3rd period - Stopped by Maxime Daigneault without a rebound.
8:23 of 3rd period - Darroll Powe wins face-off versus Pierre-Marc Bouchard in Jets zone.
8:50 of 3rd period - Snap shot by Derek Roy.
8:50 of 3rd period - Stopped by Miika Kiprusoff with a rebound.
9:11 of 3rd period - Slapshot by Niklas Hjalmarsson.
9:11 of 3rd period - Deflect By Mikko Koivu.
9:11 of 3rd period - Shot Blocked by Dennis Wideman.
9:11 of 3rd period - Puck is out of play.
9:12 of 3rd period - Tuomo Ruutu wins face-off versus Mike Ribeiro in Canadiens zone.
10:12 of 3rd period - Mike Ribeiro is hit by Mikko Koivu and loses puck.
10:33 of 3rd period - Marek Zidlicky is hit by Radim Vrbata and loses puck.
10:42 of 3rd period - Snap shot by Patrick Marleau.
10:42 of 3rd period - Shot Misses the Net.
10:44 of 3rd period - Wrist shot by Dennis Wideman.
10:44 of 3rd period - Shot Blocked by Niklas Hjalmarsson.
10:46 of 3rd period - Wrist shot by Patrick Marleau.
10:46 of 3rd period - Shot Misses the Net.
10:48 of 3rd period - Slapshot by Dennis Wideman.
10:48 of 3rd period - Stopped by Maxime Daigneault with a rebound.
10:50 of 3rd period - Snap shot by Mike Ribeiro.
10:50 of 3rd period - Stopped by Maxime Daigneault with a rebound.
11:02 of 3rd period - Slapshot by Mike Ribeiro.
11:02 of 3rd period - Stopped by Maxime Daigneault without a rebound.
11:03 of 3rd period - Marek Svatos wins face-off versus Derek Roy in Jets zone.
11:05 of 3rd period - Minor Penalty to Mike York for Holding.
11:06 of 3rd period - Derek Roy wins face-off versus Jamie Lundmark in Canadiens zone.
11:14 of 3rd period - Off-side.
11:15 of 3rd period - Jamie Lundmark wins face-off versus Derek Roy in neutral zone.
11:18 of 3rd period - Snap shot by Brett Clark.
11:18 of 3rd period - Stopped by Maxime Daigneault with a rebound.
11:24 of 3rd period - Ales Kotalik is hit by Brett Clark and loses puck.
12:17 of 3rd period - Slapshot by Michal Rozsival.
12:17 of 3rd period - Goal by Michal Rozsival - Jets : 5 - Canadiens : 3.
12:18 of 3rd period - Mikko Koivu wins face-off versus Pierre-Marc Bouchard in neutral zone.
12:21 of 3rd period - Slapshot by Marek Zidlicky.
12:21 of 3rd period - Stopped by Miika Kiprusoff without a rebound.
12:22 of 3rd period - Mikko Koivu wins face-off versus Pierre-Marc Bouchard in Canadiens zone.
12:23 of 3rd period - Wrist shot by Jussi Jokinen.
12:23 of 3rd period - Shot Blocked by Brett Clark.
13:03 of 3rd period - Minor Penalty to Darroll Powe for Elbowing.
13:04 of 3rd period - Derek Roy wins face-off versus Radim Vrbata in Jets zone.
13:04 of 3rd period - Derek Roy is hit by Dennis Wideman.
15:03 of 3rd period - Penalty to Darroll Powe is over, Darroll Powe is back on ice.
15:51 of 3rd period - Wrist shot by Jamie Lundmark.
15:51 of 3rd period - Shot Blocked by Niklas Hjalmarsson.
16:11 of 3rd period - Pierre-Marc Bouchard is hit by Greg Campbell and loses puck.
16:30 of 3rd period - Mikko Koivu is hit by Ryan Callahan and loses puck.
16:43 of 3rd period - Snap shot by Radim Vrbata.
16:43 of 3rd period - Shot Blocked by Tom Preissing.
18:19 of 3rd period - Michel Ouellet is hit by Niklas Hjalmarsson and loses puck.
Goals for this period are 1 for Jets vs 0 for Canadiens.
Shots for this period are 5 for Jets vs 9 for Canadiens.
Output by the SimonT Hockey Simulator (STHS) for François Prévost -- Original Page W3C XHTML 1.0 Valid